 Dungeon Crawl Stone Soup version 0.30-a0-459-g9104f0fc43 (webtiles) character file.

Game seed: 13229667021286699446

93 oldriver the Shooter (level 4, -5/35 HPs)
             Began as a Barachi Hexslinger on Dec 15, 2022.
             Killed from afar by Sigmund (8 damage)
             ... with a puff of flame
             ... on level 2 of the Dungeon.
             The game lasted 00:02:29 (1274 turns).

oldriver the Shooter (Barachi Hexslinger)           Turns: 1274, Time: 00:02:29

Health: -5/35      AC:  3    Str: 12    XL:     4   Next: 61%
Magic:  5/5        EV: 12    Int: 13    God:
Gold:   104        SH:  0    Dex: 14    Spells: 4/5 levels left

rFire   . . .      SeeInvis .    a - +1 sling
rCold   . . .      Faith    .    (no shield)
rNeg    . . .      Spirit   .    c - +0 robe
rPois   .          Reflect  .    (no helmet)
rElec   .          Harm     .    (no cloak)
rCorr   .          Rampage  .    o - +0 pair of gloves
Will    .....                    (no boots)
Stlth   +.........               (no amulet)
HPRegen 0.25/turn                (no ring)
MPRegen 0.09/turn                (no ring)

@: confused, brilliant, unable to drink, slow
A: amphibious, slowness 1, strong legs 1, +LOS, wild magic 1, inability to drink
after injury 1
a: Hop


You were on level 2 of the Dungeon.
You visited 1 branch of the dungeon, and saw 2 of its levels.

You collected 104 gold pieces.

Inventory:

Hand Weapons
 a - a +1 sling (weapon)
 g - a +0 short sword of holy wrath
Armour
 c - a +0 robe (worn)
 o - a +0 pair of gloves (worn)
Jewellery
 r - a ring of protection from fire
Scrolls
 b - a scroll of poison
 e - a scroll of noise {unknown}
 f - a scroll of fear
 k - 4 scrolls of vulnerability {unknown}
 l - 2 scrolls of teleportation {unknown}
 q - a scroll of fog {unknown}
Potions
 d - a potion of lignification {unknown}
 h - a potion of brilliance
 i - a potion of magic
 j - a potion of heal wounds {unknown}
 m - a potion of curing
 n - a potion of degeneration {unknown}
 p - a potion of mutation


   Skills:
 + Level 3.0 Fighting
 * Level 4.0 Ranged Weapons
 - Level 2.1 Dodging
 - Level 1.1 Spellcasting
 - Level 3.2 Hexes


You had 4 spell levels left.
You knew the following spells:

 Your Spells              Type           Power      Damage    Failure   Level
a - Slow                  Hex            72%        N/A       12%         1

Your spell library contained the following spells:

 Spells                   Type           Power      Damage    Failure   Level
 Scorch                   Fire           2%         2d5       47%         2
 Inner Flame              Hex/Fire       9%         N/A       47%         3
 Portal Projectile        Hex/Tloc       18%        N/A       47%         3
 Cause Fear               Hex            9%         N/A       67%         4
 Flame Wave               Conj/Fire      1%         2d4       97%         4
 Summon Cactus Giant      Summ           0%         N/A       100%        6


Dungeon Overview and Level Annotations

Branches:
Dungeon (2/15)

Altars:

Annotations:
D:2 Sigmund


Innate Abilities, Weirdness & Mutations

You are amphibious.
You cover ground slowly.
You can hop short distances.
You have an extended range of vision and can be seen from far away.
Your spells are a little harder to cast, but a little more powerful.
You occasionally lose the ability to drink potions when taking damage.


Message History

The sling bullet closely misses Sigmund.
Sigmund casts a spell.
Sigmund flickers and vanishes!
Deactivating autopickup; reactivate with Ctrl-A.
Fire: a) +1 sling
Press: ? - help, Shift-Dir - straight line, f - you Really target yourself?
It was a potion of brilliance.
You feel clever all of a sudden.
A magic dart appears from out of thin air!
The magic dart hits you!
It was a potion of mutation.
You feel extremely strange.
You occasionally lose the ability to drink potions when taking damage.
You feel less in control of your magic. Something hits you but does no damage.
Fire: a) +1 sling
Press: ? - help, Shift-Dir - straight line You shoot a sling bullet.
Unknown command.
Fire: a) +1 sling
Press: ? - help, Shift-Dir - straight line You shoot a sling bullet.
Something hits you!
You feel threatened and lose the ability to drink potions!
Unknown command.
Fire: a) +1 sling
Press: ? - help, Shift-Dir - straight line You shoot a sling bullet.
You hear some strange, mumbled words.
You are confused.
Unknown command.
You are too confused!
You hear some strange, mumbled words.
A puff of flame appears from out of thin air!
The puff of flame hits you!
* * * LOW HITPOINT WARNING * * *
You bump into the rock wall.
You hear some strange, mumbled words.
A puff of flame appears from out of thin air!
The puff of flame hits you!
You die...

[#.#
##.#####.#.##...####.#
.#.####.# #...#.###.##
........###.....†...#
##.####..........####
##.# ######.###.# ##.#
#.###.#### ##.#
#........# #
...#####.##.# #
......{.@##.# #
#..####..##.# #
#..##.# #..##.#
...##.# #....#.#
~#.#.#.# ~..# <#.# ...
.


There were no monsters in sight!

Vanquished Creatures
  4 adders (D:2)
  2 worms (D:2)
  2 dart slugs (D:1)
  2 endoplasms (D:2)
  3 giant cockroaches (D:1)
  2 goblins (D:1)
  7 hobgoblins
  6 kobolds
  2 quokkas (D:1)
  6 ball pythons
  4 bats (D:1)
  2 frilled lizards
  3 rats
45 creatures vanquished.

Notes
Turn   | Place    | Note
-------+----------+-------------------------------------------
     0 | D:1      | oldriver the Barachi Hexslinger began the quest for the
                  | Orb.
     0 | D:1      | Reached XP level 1. HP: 15/15 MP: 2/2
    73 | D:1      | Reached XP level 2. HP: 12/22 MP: 3/3
   240 | D:1      | Reached skill level 3 in Ranged Weapons
   250 | D:1      | Reached XP level 3. HP: 27/27 MP: 4/4
   829 | D:2      | Reached XP level 4. HP: 26/34 MP: 5/5
  1181 | D:2      | Reached skill level 4 in Ranged Weapons
  1254 | D:2      | Noticed Sigmund
  1269 | D:2      | Gained mutation: You occasionally lose the ability to drink
                  | potions when taking damage. [potion of mutation]
  1269 | D:2      | Gained mutation: Your spells are a little harder to cast,
                  | but a little more powerful. [potion of mutation]
  1274 | D:2      | Killed from afar by Sigmund

Illustrated notes

Levels and vault maps discovered:
D:1:      minmay_arrival_four_circles, layout_basic
D:2:      layout_loops_ring, shapermc_ecumenical_altar_starsandcircs,
          uniq_sigmund

Skill      XL: |  1  2  3  4 |
---------------+-------------+-----
Fighting       | 2 3 |  3.0
Ranged Weapons | 3 4 |  4.0
Dodging        | |  2.1
Spellcasting   | |  1.1
Hexes          | |  3.2

Action                   |  1- 3 |  4- 6 || total
-------------------------+-------+-------++-------
 Fire: Sling             |   130 |    58 ||   188
 Abil: Hop               |     2 |       ||     2
  Use: Scroll            |     2 |       ||     2
       Potion            |       |     4 ||     4
Armor: Robe              |    18 |     3 ||    21
Dodge: Dodged            |    53 |    10 ||    63

Table legend: (Time is in decaauts)
 A = Elapsed time spent in this place.
 B = Non-inter-level travel time spent in this place.
 C = Inter-level travel time spent in this place.
 D = Time resting spent in this place.
 E = Time spent auto-exploring this place.
 F = Levels seen in this place.
 G = Mean time per level.
                   A        B        C        D        E       F      G
               +--------+--------+--------+--------+--------+-----+--------+
         Total |   1454 |   1396 |     58 |    119 |    915 |   2 |  727.0 |
       Dungeon |   1454 |   1396 |     58 |    119 |    915 |   2 |  727.0 |
               +--------+--------+--------+--------+--------+-----+--------+

Top non-repeatable levels by time:
     D:1: 836 daAuts
     D:2: 618 daAuts
